Zazza, neutral female gnomish Healer -------------- |............| .........<...| ## |............| ### .............| ------------- ### -.-+---+------ |`.........`| ### # ## # |.....`.....-#%#### # #### |...-.---...| ### # ### |...|.{.|.... # ## # # #-..`|{.{|`..| # # ######### ####|...|.{.|.... -|-.---- -|----- ## |...-----...| # |......|#####......| -------------+- #####|.....`......######### |...^..|# |.....| |.@f..........| # |`.........`| # #|.......#####.^....| |.............| ### ------------- ###|......|# |.....| |...f.........| # #.......|# |.....| |..............########## #--------# |.....| --------------- ### ------- Zazza the Empiric Experience level: 3 Strength: 12 Dexterity: 9 Constitution: 16 Intelligence: 10 Wisdom: 15 Charisma: 17 Health: 35(35) Energy: 27(27) Def: 19 Gold: 3033 Moves: 6757 Dungeon seed: 80i4Kujkl3_5vGJ2 Game ID: Zazza_1621667476 Your Inventory: Coins $ - 3033 gold pieces Weapons T - a +0 orcish dagger Armor e - an uncursed +1 pair of leather gloves (being worn) y - an uncursed +0 orcish helm F - a blessed +1 orcish helm (being worn) Q - an uncursed +0 elven mithril-coat (being worn) W - an uncursed +0 cloak of magic resistance (being worn) Comestibles A - an uncursed clove of garlic H - an uncursed tripe ration P - 4 uncursed slime molds Y - 2 uncursed food rations Scrolls o - a blessed scroll of identify B - an uncursed scroll of genocide E - an uncursed scroll of light K - a cursed scroll of blank paper L - a cursed scroll of destroy armor U - an uncursed scroll of teleportation Spellbooks R - an uncursed spellbook of remove curse Potions a - an uncursed potion of levitation b - an uncursed potion of sleeping c - 2 uncursed potions of healing d - a blessed potion of healing f - an uncursed potion of gain ability i - 4 uncursed potions of extra healing l - a cursed potion of restore ability m - 2 uncursed potions of water p - an uncursed potion of restore ability u - an uncursed potion of sleeping I - a blessed potion of speed J - an uncursed potion of hallucination M - an uncursed potion of water S - a cursed potion of paralysis V - an uncursed potion of booze X - an uncursed potion of invisibility Z - 2 blessed potions of extra healing Tools k - an uncursed skeleton key q - a fire horn (0:7) s - an uncursed stethoscope t - an uncursed towel v - an uncursed sack w - an uncursed magic whistle G - a magic marker (0:76) Gems n - an uncursed worthless piece of blue glass r - an uncursed worthless piece of red glass z - an uncursed worthless piece of violet glass N - an uncursed worthless piece of white glass Spells and supernatural/magical abilities: Name Level Category Fail Memory a - force bolt 1 attack 97% 91% h - healing 1 healing 74% 67% x - extra healing 3 healing 82% 67% z - sleep 1 enchantment 97% 91% S - stone to flesh 3 healing 100% 67% W - pray for help -- divine ? -- Your skills at the end: Fighting Skills Weapon Skills knife [Basic] Spellcasting Skills healing spells [Basic] Final Attributes: You were fervently aligned. You were poison resistant. You were magic-protected. You were telepathic. You had infravision. You were protected. You survived. Vanquished creatures: a ghost a large mimic a small mimic 4 shriekers a floating eye 2 homunculi 2 kobold lords a giant bat 7 orc zombies 2 wererats 2 werejackals 2 iguanas an acid blob 5 coyotes 3 hobbits 5 large kobolds 4 hobgoblins 12 giant rats 3 cave spiders a brown mold 4 yellow molds a green mold 3 red molds 3 gnomes a gnome zombie 5 geckos 22 jackals 3 foxes 2 kobolds 9 goblins 6 sewer rats 26 grid bugs a bat 10 lichens 6 kobold zombies 11 newts 173 creatures vanquished. Voluntary challenges: You never hit with a wielded weapon. You had been a pacifist until turn 6621. You read items or engraved 6 times, starting on turn 4492. You never genocided any monsters. You never polymorphed an object. You never changed form. You used no wishes. You never split a pudding. You never wrote Elbereth's name. You never violated your personal moral code. Dungeon overview: The Dungeons of Doom: levels 1 to 6 Level 1 a long staircase Level 2 (g) a general store, a fountain stairs to The Gnomish Mines Level 3 a general store Level 4 a potion shop, some fountains Level 5 Level 6 <- You were here many fountains The Gnomish Mines: levels 3 to 5 Level 3 stairs to The Dungeons of Doom Level 4 Level 5 many shops, a temple to Athena, some fountains History has recorded: On T:1 you entered the Dungeons of Doom to retrieve the Amulet of Yendor! On T:419 you reached level 2 of The Dungeons of Doom. On T:1222 you reached level 1 of The Gnomish Mines. On T:1633 you reached level 2 of The Gnomish Mines. On T:2477 you reached level 3 of The Gnomish Mines. On T:5367 you reached level 3 of The Dungeons of Doom. On T:5911 you reached level 4 of The Dungeons of Doom. On T:6165 you reached level 5 of The Dungeons of Doom. On T:6413 you reached level 6 of The Dungeons of Doom. On T:6681 you received advice from The Oracle. On T:6681 you advanced to experience level 2. On T:6683 you advanced to experience level 3. Score breakdown: Gold: 1819 (11089 points) Experience: 3 levels ( 7878 points) Exploration: 6 levels ( 12.77%) ( 9890 points) Discoveries: 25 items ( 8.56%) ( 8778 points) Valuables value: (no points given unless you survive) Artifact value: 0 ( 0 points) Variety of kills: 36 monsters ( 9.45%) ( 9221 points) Turncount: 6757 turns (-1799 points) Survival: quit (score multiplied by 90%) Total score: 40551 Latest messages: Hello Zazza, the gnomish Healer, welcome back to NetHack! The sack is empty. The sack is empty. Final status: Goodbye Zazza the Healer, quit... You quit in The Dungeons of Doom on dungeon level 6 with 40551 points, and 3033 pieces of gold, after 6757 moves. You were level 3 with a maximum of 35 hit points when you quit.